 Dungeon Crawl Stone Soup version 0.24-a0-350-g5b3daab8ba (webtiles) character file.

Game seed: 16791730379546541178

205 Lanoc the Firebug (level 5, 0/42 HPs)
             Began as a Deep Elf Fire Elementalist on May 23, 2019.
             Was an Initiate of Ru.
             Slain by an orc
             ... wielding a +0 whip
              (7 damage)
             ... on level 4 of the Dungeon.
             The game lasted 00:07:48 (2568 turns).

Lanoc the Firebug (Deep Elf Fire Elementalist)      Turns: 2568, Time: 00:07:49

Health: 0/42       AC:  4    Str: 10    XL:     5   Next: 52%
Magic:  7/13       EV: 14    Int: 18    God:    Ru [......]
Gold:   110        SH:  0    Dex: 15    Spells: 5/12 levels left

rFire    . . .     SeeInvis .   h - +2 dagger (venom)
rCold    . . .     Gourm    .   (no shield)
rNeg     . . .     Faith    .   a - +0 robe
rPois    .         Spirit   .   (no helmet)
rElec    .         Reflect  .   e - +1 cloak
rCorr    .         Harm     .   (no gloves)
MR       .....                  (no boots)
Stlth    ..........             n - amulet of regeneration
HPRegen  0.54/turn              m - -3 ring of intelligence (curse)
MPRegen  0.13/turn              (no ring)

@: berserking (expiring), lethally poisoned (0 -> -8), very quick
A: no striking features
a: Renounce Religion


You were on level 4 of the Dungeon.
You worshipped Ru.
Ru was noncommittal.
You were not hungry.

You visited 1 branch of the dungeon, and saw 4 of its levels.

You collected 110 gold pieces.

Inventory:

Hand Weapons
 h - a +2 dagger of venom (weapon)
Missiles
 o - 3 silver boomerangs (quivered)
Armour
 a - a +0 robe (worn)
 e - a +1 cloak (worn)
Jewellery
 m - a cursed -3 ring of intelligence (left hand)
 n - an amulet of regeneration (around neck)
Wands
 f - a wand of paralysis (6)
 q - a wand of enslavement (7)
 w - a wand of acid (5)
Scrolls
 g - a scroll of noise {unknown}
 r - a scroll of magic mapping {unknown}
 s - a scroll of random uselessness {unknown}
 t - a scroll of teleportation {unknown}
 u - 2 scrolls of remove curse {unknown}
 v - a scroll of fear
Potions
 b - a potion of agility {unknown}
 d - 2 potions of brilliance {unknown}
 i - a potion of degeneration {unknown}
 j - a potion of haste
 k - a potion of berserk rage
 l - a potion of heal wounds {unknown}
 p - 2 potions of curing {unknown}
Comestibles
 c - 6 rations


   Skills:
 + Level 3.7 Dodging
 - Level 2.4 Stealth
 + Level 4.3 Spellcasting
 + Level 2.7 Conjurations
 * Level 5.0 Fire Magic


You had 5 spell levels left.
You knew the following spells:

 Your Spells              Type           Power        Failure   Level  Hunger
a - Flame Tongue          Conj/Fire      ###..        2%          1    None
b - Throw Flame           Conj/Fire      ###...       4%          2    ##.....
c - Sticky Flame          Conj/Fire      ###.....     28%         4    ####...

Your spell library contained the following spells:

 Spells                   Type           Power        Failure   Level  Hunger
 Conjure Flame            Conj/Fire      ###.....     9%          3    ###....
 Pain                     Necr           #...         14%         1    None
 Inner Flame              Hex/Fire       ##......     16%         3    ###....
 Fireball                 Conj/Fire      ###.......   61%         5    ######.


Dungeon Overview and Level Annotations

Branches:
Dungeon (4/15)
 Temple: D:4-7

Altars:
Ashenzari
Cheibriados
Fedhas
Kikubaaqudgha
Ru
Sif Muna
Trog
Uskayaw
Vehumet
Xom
Zin


Message History

You kill the orc!
* * * LOW HITPOINT WARNING * * *
You feel sick. The jackal closely misses you.
You puncture the jackal!
You kill the jackal!
* * * LOW HITPOINT WARNING * * *
You feel sick.
Your magical contamination has completely faded away.
You hit the orc.
The orc is poisoned.
The orc is lightly wounded.
* * * LOW HITPOINT WARNING * * *
You feel sick. The orc barely misses you.
You hit the orc but do no damage.
* * * LOW HITPOINT WARNING * * *
You feel sick.
You closely miss the orc.
The orc is lightly wounded.
* * * LOW HITPOINT WARNING * * *
You feel sick. The orc hits you with a +0 whip!
You die...

.). ####### #..##
....#####.....### ##..#
................# #..# #
........(......<## #..#
#
#...........###..####.##
##
#..###.##....###...#..#
##. ## ###).####.....#
##.. ##)o####....# ##..#
##@.###....####..##
##..##.....#...##
#............##
#............#
##........#...##
#####......#####>..##
.........### ##...#
+##....## ##..# #....#
##..#


You could see an orc.

Vanquished Creatures
  2 hounds (D:4)
  Ijyb (D:3)
  A worker ant (D:4)
  3 adders
  An ooze (D:4)
  3 worms (D:2)
  A dart slug (D:1)
  3 leopard geckos
  6 orcs
  3 giant cockroaches
  5 goblins
  4 hobgoblins
  3 jackals (D:4)
  A quokka (D:3)
  4 bats
  5 frilled lizards
  3 kobolds
  4 rats
53 creatures vanquished.

Notes
Turn   | Place    | Note
-------+----------+-------------------------------------------
     0 | D:1      | Lanoc the Deep Elf Fire Elementalist began the quest for
                  | the Orb.
     0 | D:1      | Reached XP level 1. HP: 10/10 MP: 6/6
   162 | D:1      | Reached XP level 2. HP: 15/15 MP: 0/8
   313 | D:2      | Learned a level 2 spell: Throw Flame
   340 | D:2      | Found a blossoming altar of Fedhas.
   341 | D:2      | Found a hide-covered altar of Uskayaw.
   354 | D:2      | Found a snail-covered altar of Cheibriados.
   355 | D:2      | Found a bloodstained altar of Trog.
   355 | D:2      | Found a shattered altar of Ashenzari.
   355 | D:2      | Found a sacrificial altar of Ru.
   356 | D:2      | Found a glowing silver altar of Zin.
   356 | D:2      | Found a shimmering altar of Xom.
   374 | D:2      | Became a worshipper of Ru the Awakened
   574 | D:2      | Reached skill level 4 in Fire Magic
   574 | D:2      | Reached XP level 3. HP: 18/19 MP: 1/9
  1404 | D:3      | Noticed Ijyb
  1412 | D:3      | Paralysed by Ijyb for 7 turns
  1419 | D:3      | Killed Ijyb
  1419 | D:3      | Reached XP level 4. HP: 10/24 MP: 6/11
  1942 | D:3      | Found a radiant altar of Vehumet.
  1946 | D:3      | Found an ancient bone altar of Kikubaaqudgha.
  1947 | D:3      | Found a deep blue altar of Sif Muna.
  1952 | D:3      | Identified Kikubaaqudgha's Guide on Evil Rites
  1959 | D:3      | Learned a level 4 spell: Sticky Flame
  2267 | D:4      | Reached XP level 5. HP: 25/28 MP: 7/13
  2563 | D:4      | Reached skill level 5 in Fire Magic
  2568 | D:4      | Slain by an orc

Levels and vault maps discovered:
D:1:      wander_arrival_chamber, layout_basic, lemuel_old_faithful
D:2:      layout_basic, grunt_temple_overflow_open, minmay_pentomino_x2
D:3:      layout_rooms, grunt_temple_overflow_magic_moments,
          serial_corexii_hall, corexii_hall_statues_x, corexii_hall_statues_x,
          chequers_hall_statues_y, chequers_hall_statues_y,
          corexii_hall_statues_s, chequers_hall_statues_corner_a, uniq_ijyb
D:4:      layout_layer_cave, first_ration, grunt_decor_one_mirror,
          guppyfry_shop_venom

Skill      XL: |  1  2  3  4  5 |
---------------+----------------+-----
Fire Magic     | 4 5 |  5.0
Dodging        | 3 |  3.7
Conjurations   | 2 |  2.7
Spellcasting   | 4 |  4.3
Stealth        | |  2.4

Action                   |  1- 3 |  4- 6 || total
-------------------------+-------+-------++-------
Melee: Dagger            |     4 |    23 ||    27
 Cast: Flame Tongue      |    62 |    40 ||   102
Invok: Reject Sacrifices |       |     1 ||     1
  Use: Scroll            |     3 |       ||     3
       Potion            |       |     1 ||     1
  Eat: Chunk             |     1 |       ||     1
       Ration            |       |     1 ||     1
Armor: Robe              |     7 |    11 ||    18
Dodge: Dodged            |    14 |    31 ||    45

Table legend:
 A = Non-vault XP
 B = Vault XP
 C = Vault XP percentage of total XP
 D = Non-vault monster count
 E = Vault monster count
 F = Vault count percentage of total count
                 A         B        C        D         E       F
            +---------+---------+-------+---------+---------+-------
      Total |     242 |      51 |  17.4 |      50 |       3 |   5.7
            +---------+---------+-------+---------+---------+-------
        D:1 |      14 |       0 |   0.0 |       6 |       0 |   0.0
        D:2 |      55 |      15 |  21.4 |      21 |       2 |   8.7
        D:3 |      17 |      36 |  67.9 |       8 |       1 |  11.1
        D:4 |     156 |       0 |   0.0 |      15 |       0 |   0.0
            +---------+---------+-------+---------+---------+-------
